 Dungeon Crawl Stone Soup version 0.26-a0-652-gafc20e3620 (webtiles) character file.

Game seed: 1537525878892251082

2807 Flugkiller the Ruffian (level 9, 0/91 HPs)
             Began as an Ogre Transmuter on Oct 2, 2020.
             Was a Follower of Uskayaw.
             Killed by divine providence
             ... invoked by an orc priest
              (13 damage)
             ... on level 11 of the Dungeon.
             The game lasted 00:18:15 (3735 turns).

Flugkiller the Ruffian (Ogre Transmuter)            Turns: 3735, Time: 00:18:16

Health: 0/91       AC:  4    Str: 16    XL:     9   Next: 72%
Magic:  16/16      EV: 15    Int: 17    God:    Uskayaw [*.....]
Gold:   268        SH:  5    Dex:  9    Spells: 9/18 levels left

rFire    . . .     SeeInvis .     - Unarmed
rCold    . . .     Faith    .   (no shield)
rNeg     . . .     Spirit   .   a - +1 robe
rPois    .         Reflect  +   (helmet restricted)
rElec    .         Harm     .   (no cloak)
rCorr    .         Rampage  .   (gloves unavailable)
MR       +....                  (boots unavailable)
Stlth    +.........             d - amulet of reflection
HPRegen  0.25/turn              n - ring of protection from magic (curse)
MPRegen  0.15/turn              q - +4 ring of evasion

@: lightly drained
A: large, unfitting armour, tough skin 1
a: Stomp, Renounce Religion


You were on level 11 of the Dungeon.
You worshipped Uskayaw.
Uskayaw was noncommittal.
You visited 1 branch of the dungeon, and saw 11 of its levels.

You collected 268 gold pieces.

Inventory:

Hand Weapons
 D - a +0 giant club
   (You took it off an ogre on level 8 of the Dungeon)
Missiles
 k - 95 arrows
 t - 46 bolts
 x - 19 poisoned darts (quivered)
 B - a throwing net
Armour
 a - a +1 robe (worn)
Jewellery
 d - an amulet of reflection (around neck)
   (You found it on level 2 of the Dungeon)
 j - an uncursed amulet of magic regeneration
   (You found it on level 2 of the Dungeon)
 n - a cursed ring of protection from magic (left hand)
   (You found it on level 3 of the Dungeon)
 q - a +4 ring of evasion (right hand)
   (You found it on level 4 of the Dungeon)
 E - an uncursed ring of protection from cold
   (You found it on level 8 of the Dungeon)
Wands
 c - a wand of polymorph (1)
   (You found it on level 3 of the Dungeon)
 r - a wand of paralysis (8)
   (You found it on level 4 of the Dungeon)
Scrolls
 b - 5 scrolls of remove curse
 e - a scroll of magic mapping {unknown}
 f - 2 scrolls of enchant armour
 u - a scroll of enchant weapon
 w - a scroll of teleportation
 y - a scroll of noise {unknown}
 z - a scroll of brand weapon {unknown}
 C - a scroll of amnesia
 G - a scroll of fog
 H - a scroll of blinking
 I - a scroll of holy word {unknown}
 J - a scroll of vulnerability {unknown}
Potions
 g - 3 potions of berserk rage
 h - a potion of resistance
 i - 3 potions of lignification
 l - a potion of cancellation
 m - a potion of magic
 o - 3 potions of heal wounds
 p - 2 potions of stabbing
 s - 3 potions of curing
 v - a potion of might
 A - 2 potions of haste
 F - a potion of brilliance


   Skills:
 - Level 6.3(6.2) Fighting
 - Level 4.4(4.3) Dodging
 - Level 6.9(6.7) Unarmed Combat
 - Level 5.0(4.8) Spellcasting
 + Level 5.9(5.8) Transmutations
 - Level 4.0(3.8) Ice Magic
 - Level 1.0(0.8) Poison Magic


You had 9 spell levels left.
You knew the following spells:

 Your Spells              Type           Power        Failure   Level
b - Wereblood             Tmut           ###.....     1%          2
c - Spider Form           Tmut/Pois      ###.......   11%         3
d - Ice Form              Ice/Tmut       ###.....     21%         4

Your spell library contained the following spells:

 Spells                   Type           Power        Failure   Level
 Beastly Appendage        Tmut           ###...       1%          1
 Blade Hands              Tmut           ###.......   36%         5


Dungeon Overview and Level Annotations

Branches:
Dungeon (11/15)            Temple (0/1) D:6
   Lair: D:8-11         Orc: D:9-12

Altars:
Ashenzari
Fedhas
Ru
Uskayaw
Vehumet

Annotations:
D:9 exclusion: obsidian statue


Innate Abilities, Weirdness & Mutations

You are too large for most types of armour.
You have tough skin. (AC +1)


Message History

You punch the ogre! You freeze the ogre.
The ogre is heavily wounded.
The ogre hits you with a +0 giant spiked club!
* * * LOW HITPOINT WARNING * * *
The orc wizard casts a spell at you. The magic dart hits you.
* * * LOW HITPOINT WARNING * * *
The orc misses you.
You punch the ogre! You freeze the ogre.
You kill the ogre!
The orc wizard gestures at you while chanting.
The magic dart hits you.
* * * LOW HITPOINT WARNING * * *
You can now pass through a line of other dancers.
You punch the orc wizard! You freeze the orc wizard.
The orc wizard is severely wounded.
The orc misses you. The orc wizard misses you.
Unknown command.
You punch the orc wizard! You freeze the orc wizard.
You kill the orc wizard!
The orc barely misses you.
Unknown command.
You punch the orc! You freeze the orc.
You kill the orc!
You warm up again.
Your +1 robe unmelds from your body.
Uskayaw will force your foes to helplessly watch your dance.
Things that are here:
a cursed -1 dagger; a +0 robe; an orc corpse A wight comes into view.
It is wielding a +0 short sword.
Things that are here:
a +0 giant spiked club; an ogre corpse
There is a stone staircase leading up here.
Okay, then.
Unknown command.
Okay, then.
Found a buckler.
You can no longer pass through a line of other dancers.
There is a stone staircase leading down here.
You climb downwards. 2 orcs, an orc warrior, an orc priest and an orc wizard come into view.
The orc wizard is wielding a +2 dagger of speed.
The orc warrior shouts!
The orc shouts!
The orc wizard shouts!
The orc shouts!
The orc priest shouts!
Found 11 gold pieces.
Found a stone staircase leading up and a stone staircase leading down.
There is a stone staircase leading up here.
The orc priest mumbles some strange prayers to Beogh against you.
Beogh smites you!
You die...

###########
#o.........
#.o........
#oo<.......
#..........
#.o@.....$.
#..........
#####.#####
.# #


You could see an orc warrior, an orc priest, an orc wizard and 2 orcs.

Vanquished Creatures
  A hippogriff (D:7)
  Sigmund (D:6)
  A steam dragon (D:8)
  2 orc warriors
  An ice beast (D:4)
  A sky beast (D:5)
  2 ogres
  3 centaurs
  2 bullfrogs
  A wyvern zombie (D:8)
  6 wights
  A howler monkey (D:5)
  A bullfrog zombie (D:5)
  4 hounds
  An orc priest (D:6)
  A bullfrog skeleton (D:5)
  7 orc wizards
  An iguana (D:5)
  Terence (D:2)
  13 worker ants
  A hound zombie (D:7)
  A hound skeleton (D:6)
  3 howler monkey zombies
  2 worker ant zombies
  4 gnolls (D:6)
  A howler monkey skeleton (D:5)
  11 adders
  A shadow imp (D:5)
  2 ufetubi
  3 adder zombies (D:7)
  A worm (D:3)
  4 leopard geckos
  12 orcs
  3 bats
  5 giant cockroaches
  6 hobgoblins
  18 jackals
  4 quokkas
  4 frilled lizards
  A giant cockroach zombie (D:3)
  4 goblins
  5 kobolds
  2 leopard gecko skeletons
  2 quokka skeletons
  6 rats
157 creatures vanquished.

Notes
Turn   | Place    | Note
-------+----------+-------------------------------------------
     0 | D:1      | Flugkiller the Ogre Transmuter began the quest for the Orb.
     0 | D:1      | Reached XP level 1. HP: 19/19 MP: 3/3
   209 | D:1      | Reached XP level 2. HP: 27/28 MP: 3/5
   426 | D:2      | Reached XP level 3. HP: 13/36 MP: 4/6
   429 | D:2      | Noticed Terence
   472 | D:2      | Learned a level 3 spell: Spider Form
   534 | D:3      | Reached skill level 1 in Poison Magic
   562 | D:3      | Reached XP level 4. HP: 14/44 MP: 2/7
   783 | D:2      | Killed Terence
   957 | D:3      | Reached XP level 5. HP: 27/52 MP: 4/8
  1100 | D:4      | Noticed an ice beast
  1146 | D:4      | Killed an ice beast
  1146 | D:4      | Reached XP level 6. HP: 46/61 MP: 9/9
  1220 | D:3      | Found a hide-covered altar of Uskayaw.
  1311 | D:3      | Became a worshipper of Uskayaw the Reveler
  1426 | D:4      | Found a blossoming altar of Fedhas.
  1450 | D:5      | Entered Level 5 of the Dungeon
  1455 | D:5      | Reached * piety under Uskayaw
  1459 | D:5      | Reached ** piety under Uskayaw
  1461 | D:5      | Noticed a sky beast
  1477 | D:5      | Killed a sky beast
  1477 | D:5      | Reached skill level 5 in Unarmed Combat
  1477 | D:5      | Reached XP level 7. HP: 58/70 MP: 8/10
  1495 | D:5      | Reached *** piety under Uskayaw
  1550 | D:5      | Learned a level 2 spell: Wereblood
  1788 | D:5      | Found a sacrificial altar of Ru.
  1796 | D:5      | Reached skill level 5 in Fighting
  1837 | D:5      | Found a broken altar of Ashenzari.
  1960 | D:6      | Noticed Sigmund
  1977 | D:6      | Killed Sigmund
  1977 | D:6      | Reached XP level 8. HP: 83/83 MP: 8/11
  2172 | D:6      | Reached **** piety under Uskayaw
  2204 | D:6      | Found a staircase to the Ecumenical Temple.
  2349 | D:7      | Noticed a hippogriff
  2382 | D:7      | Killed a hippogriff
  2392 | D:7      | Learned a level 4 spell: Ice Form
  2481 | D:7      | Reached skill level 1 in Ice Magic
  2501 | D:7      | Reached XP level 9. HP: 59/91 MP: 10/15
  2889 | D:8      | Reached skill level 5 in Spellcasting
  3003 | D:8      | Found a radiant altar of Vehumet.
  3028 | D:8      | Reached skill level 5 in Transmutations
  3166 | D:9      | Noticed an obsidian statue
  3717 | D:10     | Entered Level 10 of the Dungeon
  3735 | D:11     | Killed from afar by an orc priest

Illustrated notes

Levels and vault maps discovered:
D:1:      dpeg_arrival_court, layout_basic
D:2:      kennysheep_the_goblin_king, layout_basic, uniq_terence
D:3:      layout_basic, nicolae_overflow_hidden_temple, old_standard_altar,
          uniq_crazy_yiuf_cottage
D:4:      layout_rooms, kennysheep_mini
D:5:      layout_basic, old_standard_altar, nicolae_ru_great_annihilating_truth
D:6:      layout_rooms, minmay_temple_entry_drinking_statues,
          kennysheep_generic_room_13, uniq_sigmund
D:7:      layout_layer_cave
D:8:      layout_gridville, fiery_altar_vehumet
D:9:      layout_rooms, overflow_temple_1_default, minivault_16
D:10:     layout_cave_pools, lair_entry_dummy, basic_altar, uniq_erica
D:11:     layout_roguey

Skill      XL: |  1  2  3  4  5  6  7  8  9 |
---------------+----------------------------+-----
Unarmed Combat | 3 4 5 6 |  6.9
Fighting       | 2 3 4 5 6 |  6.3
Transmutations | 2 3 4 5 |  5.9
Poison Magic   | 1 |  1.0
Dodging        | 2 3 4 |  4.4
Spellcasting   | 4 5 |  5.0
Ice Magic      | 1 4 |  4.0

Action                   |  1- 3 |  4- 6 |  7- 9 || total
-------------------------+-------+-------+-------++-------
Melee: Unarmed           |    64 |   112 |   343 ||   519
       Kick              |     6 |     2 |     4 ||    12
       Headbutt          |     3 |     1 |     5 ||     9
 Cast: Beastly Appendage |     9 |     6 |     6 ||    21
       Spider Form       |     1 |    11 |    39 ||    51
       Ice Form          |       |       |     1 ||     1
Invok: Stomp             |       |       |     5 ||     5
       Line Pass         |       |       |     1 ||     1
 Abil: End Transformatio |       |       |     1 ||     1
Evoke: Wand              |     1 |       |     1 ||     2
  Use: Potion            |     2 |     1 |       ||     3
       Scroll            |     1 |       |    15 ||    16
 Stab: Paralysed         |       |       |    16 ||    16
Armor: Robe              |     9 |     9 |     6 ||    24
       Skin              |       |    15 |     7 ||    22
Dodge: Dodged            |    23 |    57 |   273 ||   353
Block: Other             |    12 |    31 |    70 ||   113
       Reflection        |       |     2 |     3 ||     5

Table legend: (Time is in decaauts)
 A = Elapsed time spent in this place.
 B = Non-inter-level travel time spent in this place.
 C = Inter-level travel time spent in this place.
 D = Time resting spent in this place.
 E = Time spent auto-exploring this place.
 F = Levels seen in this place.
 G = Mean time per level.
                   A        B        C        D        E       F      G
               +--------+--------+--------+--------+--------+-----+--------+
         Total |   3784 |   3768 |     16 |      0 |      0 |  11 |  344.0 |
       Dungeon |   3784 |   3768 |     16 |      0 |      0 |  11 |  344.0 |
               +--------+--------+--------+--------+--------+-----+--------+

Top non-repeatable levels by time:
     D:8: 948 daAuts
     D:5: 477 daAuts
     D:2: 445 daAuts
     D:6: 399 daAuts
     D:3: 378 daAuts
     D:4: 371 daAuts
     D:7: 301 daAuts
     D:1: 253 daAuts
     D:9: 192 daAuts
    D:10: 16 daAuts
    D:11: 0 daAuts
